Map: Rifts to Korhal

Players

AznHopeful

  • Race: Zerg Zerg

Goldspike

  • Race: Terran Terran
  • Spawn Location: 7:00

VOD

Have the link to the VOD?

Description

Time

  • Played on: Jan. 21, 2018, 1:12 p.m.
  • Length: 16:58
Show
View Real Time Build Order
Export as new Build Order

AznHopeful Zerg 

Build Orders:  

Get SALT Encoding   

  12  0:03  Infested SCV  
  13  0:11  Infested SCV  
  13  0:13  Infested Colonist Compound  
  13  0:19  Infested SCV  
  15  0:30  Overlord  
  15  0:42  Infested Refinery  
  15  0:56  Infested Barracks  
  15  1:10  Infested SCV x3  
  18  1:21  Infested SCV  
  19  1:37  Infested SCV  
  23  2:00  Infested Bunker  
  23  2:04  Overlord  
  23  2:31  Infested Command Center  
  23  2:40  Overlord  
  23  3:09  Infested SCV x2  
  25  3:10  Infested Refinery  
  25  3:12  Infested SCV  
  26  3:21  Infested SCV  
  27  4:08  Infested SCV x3  
  30  4:11  Overlord  
  30  4:12  Overlord x2  
  30  4:18  Infested SCV  
  31  4:22  Anaerobic Enhancement  
  31  4:53  Infested Factory  
  31  4:54  Infested Engineering Bay  
  31  5:00  Infested SCV  
  31  5:01  Infested SCV x2  
  34  5:10  Infested Command Center  
  34  5:21  Infested Bunker  
  34  5:34  Broodling Gestation  
  34  5:35  Infested SCV x2  
  34  5:36  Infested SCV x3  
  39  5:44  Infested Refinery  
  39  5:47  Infested SCV  
  40  6:15  Infested SCV x4  
  40  6:17  Infested SCV  
  45  6:26  Infested Armory  
  45  6:34  Infested Starport  
  45  6:39  Infested Barracks Tech Lab, Infested Barracks  
  45  6:54  Infested SCV x4  
  49  7:07  Plagued Munitions  
  49  7:09  Stukov Infantry Weapons Level 1  
  49  7:20  Infestation Level 1  
  49  7:54  Infested SCV x2  
  49  7:59  Overlord x2  
  51  8:00  Infested SCV x2  
  53  8:17  Stukov Vehicle and Ship Weapons Level 1  
  61  8:26  Infested Bunker x2  
  61  8:46  Infested Starport, Infested Barracks, Infested Starport Tech Lab  
  61  8:53  Infested Bunker  
  61  8:56  Overlord  
  61  8:57  Overlord x5  
  60  9:26  Infestation Level 2  
  59  9:32  Rapid Hibernation  
  59  9:35  Infested Banshee x2  
  65  9:47  Overseer  
  65  9:48  Overseer  
  65  9:52  Pneumatized Carapace  
  65  10:08  Infested Banshee x3  
  65  10:09  Infested Banshee  
  77  10:32  Braced Exoskeleton  
  77  10:34  Stukov Infantry Weapons Level 2  
  77  10:45  Infested Bunker  
  85  11:02  Infested Banshee  
  88  11:33  Infested Bunker, Infested Banshee x2  
  94  11:49  Infestation Level 3  
  99  12:21  Infested Bunker  
  99  13:09  Infested Bunker  
  99  13:11  Infested Banshee  
  99  13:12  Infested Banshee x4  
  99  13:14  Infested Bunker  
  99  13:15  Infested Bunker  
  99  13:16  Infested Bunker  
  122  13:59  Infested Bunker  
  122  14:01  Infested Bunker  
  122  14:03  Infested Bunker  
  122  14:09  Infested Colonist Compound  
  122  14:12  Infested Bunker  
  122  14:25  Infested Banshee  
  122  14:27  Overlord  
  122  14:28  Overlord x8  
  122  14:29  Overlord  
  118  15:00  Infested Bunker  
  118  15:09  Infested Banshee x2  
  121  15:10  Infested Banshee x2  
  123  15:39  Infested Colonist Compound  
Show
View Real Time Build Order
Export as new Build Order

Goldspike Terran 

Build Orders:  

Get SALT Encoding   

  11  1:13  Supply Depot  
Tags
 
Add a new tag
Caveats
  • Supply blocks, unpowered buildings, or Contaminate may cause inaccurate times.
  • Supply counts are checked every 10 seconds.